 Dungeon Crawl Stone Soup version 0.29.1-2-gbd0b4ee654 (webtiles) character file.

Game seed: 14341612626003995608

909 kingsuperguy the Chopper (level 7, -4/62 HPs)
             Began as a Minotaur Berserker on Nov 17, 2022.
             Was a Priest of Trog.
             Slain by a gnoll sergeant
             ... wielding a +2 trident of venom
              (11 damage)
             ... on level 6 of the Dungeon.
             The game lasted 00:08:03 (5296 turns).

kingsuperguy the Chopper (Minotaur Berserker)       Turns: 5296, Time: 00:08:05

Health: -4/62      AC:  5    Str: 30    XL:     7   Next: 81%
Magic:  6/6        EV: 10    Int:  4    God:    Trog [***...]
Gold:   249        SH:  0    Dex:  9    Spells: 6/6 levels left

rFire   + . .      SeeInvis .   g - +7 club
rCold   . . .      Faith    .   (no shield)
rNeg    . . .      Spirit   .   F - +0 chain mail
rPois   .          Reflect  .   (helmet restricted)
rElec   .          Harm     .   (no cloak)
rCorr   .          Rampage  .   (no gloves)
Will    .....                   (no boots)
Stlth   ..........              t - amulet of the acrobat
HPRegen 0.20/turn               c - +6 ring of strength
MPRegen 0.10/turn               o - ring of protection from fire

@: lethally poisoned (-4 -> -12), corroded
A: horns 2, retaliatory headbutt
a: Renounce Religion, Berserk, Trog's Hand


You were on level 6 of the Dungeon.
You worshipped Trog.
Trog was most pleased with you.
You visited 1 branch of the dungeon, and saw 6 of its levels.

You collected 249 gold pieces.

Inventory:

Hand Weapons
 a - a +0 hand axe
 g - a +7 club (weapon)
 s - a +0 quarterstaff of draining
 v - a +0 short sword of protection
Missiles
 r - 3 boomerangs (quivered)
 w - 2 boomerangs of dispersal
 x - 6 poisoned darts
 y - a throwing net
Armour
 b - a +0 animal skin
 F - a +0 chain mail (worn)
Jewellery
 c - a +6 ring of strength (left hand)
 o - a ring of protection from fire (right hand)
 t - an amulet of the acrobat (around neck)
Wands
 i - a wand of digging (5)
 u - a wand of mindburst (5)
Scrolls
 e - a scroll of fog {unknown}
 f - a scroll of magic mapping {unknown}
 k - 2 scrolls of amnesia {unknown}
 n - 4 scrolls of immolation
 q - a scroll of poison {unknown}
 A - a scroll of teleportation {unknown}
 C - a scroll of identify {unknown}
Potions
 d - 4 potions of lignification {unknown}
 h - a potion of degeneration {unknown}
 j - 2 potions of might {unknown}
 l - 3 potions of curing {unknown}
 m - a potion of resistance {unknown}
 p - 2 potions of brilliance {unknown}
 z - a potion of heal wounds {unknown}
 B - a potion of invisibility {unknown}
 D - a potion of attraction {unknown}
 E - a potion of mutation {unknown}


   Skills:
 + Level 5.8 Fighting
 + Level 6.1(7.1) Axes
 + Level 5.5(6.8) Maces & Flails
 + Level 2.8 Armour
 + Level 4.5 Dodging
 + Level 2.5 Stealth


You had 6 spell levels left.
You didn't know any spells.
Your spell library was empty.

Dungeon Overview and Level Annotations

Branches:
Dungeon (6/15)
 Temple: D:4-7

Altars:
Dithmenos

Shops:
D:1 !


Innate Abilities, Weirdness & Mutations

You have a pair of horns on your head.
You reflexively headbutt those who attack you in melee.


Message History

The shadow imp shouts!
The acid dragon roars!
The gnoll shouts! x3
You hear a loud, deep croak!
The gnoll barely misses you. You furiously retaliate!
You headbutt the gnoll.
An iguana comes into view.
A bullfrog comes into view.
Found 11 gold pieces.
There is a stone staircase leading up here.
The iguana hisses angrily.
You sock the gnoll!
You kill the gnoll!
Trog accepts your kill.
A bullfrog comes into view.
A shadow imp comes into view.
The gnoll hits you but does no damage. The gnoll sergeant closely misses you.
An orc comes into view. It is wielding a +0 club.
The gnoll sergeant hits you with a +2 trident of venom.
You are poisoned.
A black bear comes into view.
You see here a +0 spear.
The black bear growls angrily.
The orc shouts!
You thump the gnoll! Your headbutt misses the gnoll.
The gnoll is almost dead.
You feel very sick.
An orc comes into view. It is wielding a +0 club.
The gnoll closely misses you.
The gnoll sergeant hits you with a +2 trident of venom!
The acid dragon spits acid at you. The splash of acid hits you!!
Ouch! That really hurt!
* * * LOW HITPOINT WARNING * * *
The acid corrodes you!
The orc shouts!
You hear a loud, deep croak!
Okay, then.
Okay, then.
As you read the scroll labelled SYCKEL WURA, it crumbles to dust.
The creatures around you are filled with an inner flame!
It was a scroll of immolation.
* * * LOW HITPOINT WARNING * * *
You feel sick. The gnoll hits you with a +0 club.
* * * LOW HITPOINT WARNING * * *
The gnoll sergeant hits you with a +2 trident of venom!
You die...

. ### #h ....
#. #. .o# #..#
...#... ..#..
.F... .......
....lg####..#
.#...#
...#Fg@g...#
#S..#
#..D.F####
...#..
#$..g.......#
#...#..
...#..#######.#
.#...#. #...#.
†...... ......
....... ....#
##)#### #... #


You could see a black bear (inner flame), an acid dragon (inner flame), a gnoll
sergeant (inner flame), 2 bullfrogs, an iguana (inner flame), 3 gnolls and an
orc (inner flame).

Vanquished Creatures
  An ogre (D:5)
  A necrophage (D:5)
  2 scorpions
  A wight (D:6)
  2 orc priests (D:5)
  4 hounds (D:5)
  Jessica (D:2)
  Natasha (twice) (D:2)
  2 iguanas (D:5)
  Terence (D:2)
  8 gnolls
  9 adders
  An ufetubus (D:4)
  A worm (D:3)
  5 dart slugs
  13 orcs
  8 ball pythons
  6 endoplasms
  2 giant cockroaches (D:3)
  6 goblins
  6 hobgoblins
  2 jackals (D:3)
  4 kobolds
  4 quokkas
  2 bats (D:3)
  6 frilled lizards
  4 rats
104 creatures vanquished.

Notes
Turn   | Place    | Note
-------+----------+-------------------------------------------
     0 | D:1      | kingsuperguy the Minotaur Berserker began the quest for the
                  | Orb.
     0 | D:1      | Reached XP level 1. HP: 19/19 MP: 0/0
   189 | D:1      | Reached XP level 2. HP: 23/27 MP: 1/1
   296 | D:1      | Found Cuifymp's Distillery.
   325 | D:1      | Reached skill level 4 in Axes
   652 | D:2      | Noticed Jessica
   662 | D:2      | Killed Jessica
   663 | D:2      | Reached XP level 3. HP: 33/33 MP: 2/2
   920 | D:2      | Reached skill level 5 in Axes
   951 | D:2      | Reached XP level 4. HP: 38/40 MP: 3/3
  1029 | D:2      | Noticed Terence
  1036 | D:2      | Killed Terence
  1212 | D:2      | Noticed Natasha
  1215 | D:2      | Killed Natasha
  1272 | D:2      | Found a faded altar of an unknown god.
  1272 | D:2      | Noticed a Hell Sentinel
  1275 | D:2      | Reached ** piety under Trog
  1401 | D:2      | Noticed Natasha
  1408 | D:2      | Killed Natasha
  1409 | D:2      | Reached XP level 5. HP: 36/47 MP: 4/4
  1523 | D:3      | Found a shadowy altar of Dithmenos.
  1567 | D:3      | Reached skill level 1 in Maces & Flails
  1569 | D:3      | Reached skill level 6 in Axes
  3105 | D:4      | Reached skill level 1 in Stealth
  3148 | D:4      | Found the +3 greatsling "Punk" {acid, rCorr}
  3326 | D:4      | Reached XP level 6. HP: 39/55 MP: 5/5
  3759 | D:5      | Entered Level 5 of the Dungeon
  3819 | D:5      | Reached skill level 5 in Fighting
  3933 | D:5      | Reached *** piety under Trog
  4266 | D:5      | Reached XP level 7. HP: 58/61 MP: 6/6
  5058 | D:6      | Reached skill level 5 in Maces & Flails
  5160 | D:6      | Noticed a six-headed hydra
  5160 | D:6      | Noticed a yak
  5296 | D:6      | Slain by a gnoll sergeant

Illustrated notes

Levels and vault maps discovered:
D:1:      ebering_hopf_link, layout_rooms, serial_shops, shop
D:2:      layout_loops_ring, dreamdust_ecumenical_altar_sealed_demon,
          kennysheep_generic_room_15, uniq_natasha, uniq_jessica, uniq_terence
D:3:      minmay_chambers_of_twos, layout_basic, nicolae_overflow_crystal_walls
D:4:      layout_basic
D:5:      layout_basic, minmay_misc_feat_room
D:6:      cheibrodos_fzero, layout_rooms, enter_ossuary_4, uniq_maggie

Skill      XL: |  1  2  3  4  5  6  7 |
---------------+----------------------+-----
Fighting       | 4 5 |  5.8
Axes           | 4 5 6 |  6.1
Maces & Flails | 2 3 5 |  5.5
Stealth        | 1 2 |  2.5
Dodging        | 3 4 |  4.5
Armour         | |  2.8

Action                   |  1- 3 |  4- 6 |  7- 9 || total
-------------------------+-------+-------+-------++-------
Melee: Hand axe          |    25 |       |       ||    25
       Headbutt          |     3 |    16 |     7 ||    26
       Club              |    11 |   115 |    54 ||   180
       Punch             |       |     1 |     1 ||     2
Invok: Berserk           |     1 |     1 |       ||     2
  Use: Scroll            |       |       |     1 ||     1
 Stab: Sleeping          |       |     3 |       ||     3
Armor: Animal skin       |     4 |    17 |     4 ||    25
       Chain mail        |       |       |     1 ||     1
Dodge: Dodged            |    25 |    75 |    33 ||   133
